 Dungeon Crawl Stone Soup version 0.31-a0-198-g2ad674f65e (webtiles) character file.

Game seed: 8709214686950414559

5649 TittyCrusher the Destroyer (level 10, -3/56 HPs)
             Began as an Octopode Conjurer on June 25, 2023.
             Was a Believer of Vehumet.
             Slain by a yak (16 damage)
             ... on level 8 of the Dungeon.
             The game lasted 00:38:00 (9208 turns).

TittyCrusher the Destroyer (Octopode Conjurer)      Turns: 9208, Time: 00:38:00

Health: -3/56      AC:  1    Str: 11    XL:     10   Next: 74%
Magic:  2/16       EV: 13    Int: 21    God:    Vehumet [**....]
Gold:   348        SH:  0    Dex: 10    Spells: 0/17 levels left

rFire   . . .        a - +3 dagger (elec)
rCold   . . .        (no shield)
rNeg    . . .        (helmet restricted)
rPois   .            D - amulet of regeneration
rElec   .            C - ring of see invisible
rCorr   .            (no ring)
SInv    +            (no ring)
Will    .....        (no ring)
Stlth   +++          (no ring)
HPRegen 1.09/turn    (no ring)
MPRegen 0.15/turn    (no ring)
                     (no ring)

%: no passive effects
@: about to teleport
A: almost no armour, amphibious, 8 rings, camouflage 1, gelatinous body 1,
(nimble swimmer 1), tentacles
a: Renounce Religion


You were on level 8 of the Dungeon.
You worshipped Vehumet.
Vehumet was pleased with you.
You visited 2 branches of the dungeon, and saw 9 of its levels.

You collected 348 gold pieces.

Inventory:

Hand Weapons
 a - a +3 dagger of electrocution (weapon)
 i - a +2 short sword of protection
 m - a +0 trident
 q - a +0 orcbow
 v - a +0 arbalest of flaming
 x - a +2 dagger of venom
 E - a +4 spear of venom
Missiles
 e - 62 stones
 f - 4 boomerangs
 j - 13 poisoned darts (quivered)
Jewellery
 g - an amulet of magic regeneration
 y - an amulet of reflection
 C - a ring of see invisible (left tentacle)
 D - an amulet of regeneration (around mantle)
Wands
 B - a wand of charming (7)
Scrolls
 b - 2 scrolls of enchant armour
 d - 3 scrolls of vulnerability
 k - a scroll of immolation
 n - 2 scrolls of teleportation
 r - a scroll of fog
 s - a scroll of fear
 w - a scroll of blinking
 z - a scroll of revelation
 A - a scroll of butterflies {unknown}
 F - a scroll of enchant weapon {unknown}
Potions
 c - 2 potions of magic
 h - 3 potions of curing
 l - a potion of attraction
 o - a potion of cancellation
 p - 3 potions of heal wounds
 t - a potion of enlightenment
 u - 2 potions of ambrosia


   Skills:
 - Level 2.0 Dodging
 - Level 2.6 Stealth
 - Level 4.2 Spellcasting
 - Level 10.2 Conjurations
 - Level 9.5 Hexes
 - Level 6.0 Translocations
 + Level 3.5 Ice Magic
 - Level 0.5 Earth Magic


You couldn't memorise any spells.
You knew the following spells:

 Your Spells              Type           Power      Damage    Failure   Level
a - Magic Dart            Conj           100%       1d8       1%          1
b - Searing Ray           Conj           94%        2d7       1%          2
c - Blink                 Tloc           58%        N/A       1%          2
d - Fulminant Prism       Conj/Hex       23%        3d12      1%          4
e - Iskenderun's Mystic   Conj/Tloc      38%        2d9       4%          4
f - Sandblast             Erth           12%        2d6       10%         1
g - Frozen Ramparts       Ice            38%        1d6       9%          3

Your spell library contained the following spells:

 Spells                   Type           Power      Damage    Failure   Level
 Apportation              Tloc           58%        N/A       1%          1
 Lesser Beckoning         Tloc           58%        N/A       1%          2
 Momentum Strike          Conj/Tloc      76%        3d10      1%          2
 Dazzling Flash           Conj/Hex       92%        N/A       1%          3
 Sublimation of Blood     Necr           4%         N/A       19%         2
 Wereblood                Tmut           4%         N/A       19%         2
 Silence                  Hex/Air        12%        N/A       41%         5
 Agony                    Necr           4%         N/A       97%         5
 Alistair's Intoxication  Tmut/Pois      2%         N/A       97%         5
 Summon Hydra             Summ           2%         N/A       100%        7


Dungeon Overview and Level Annotations

Branches:
Dungeon (8/15)             Temple (1/1) D:6
   Lair: D:8-11

Altars:
Ashenzari
Cheibriados
Dithmenos
Elyvilon
Fedhas
Gozag
Hepliaklqana
Kikubaaqudgha
Makhleb
Nemelex Xobeh
Qazlal
Uskayaw
Vehumet
Wu Jian
Xom
Zin
The Shining One

Shops:
D:6 (

Annotations:
D:2 exclusion: downstairs
D:6 3 runed translucent doors, exclusion: downstairs, deremet's ghost, novice MfIE
D:7 exclusion: downstairs


Innate Abilities, Weirdness & Mutations

You cannot wear most types of armour.
You are amphibious.
You can wear up to eight rings at the same time.
Your skin changes colour to match your surroundings (Stealth+).
Your rubbery body absorbs attacks. (AC +1, EV +1)
((You are camouflaged when in or above water. (Stealth+)))
You have tentacles for arms and can constrict up to eight enemies at once.


Message History

Aiming: Searing Ray (safe; 1% risk of failure)
Press: ? - help, Shift-Dir - straight line, f - yak
Aim: a yak (89% to hit)
The searing ray misses the yak. (Press . to maintain the ray.)
The yak bellows!
You hear a bellow! x2
The wall freezes the yak.
The searing ray hits the yak but does no damage.
The yak is lightly wounded.
The wall freezes the yak but does no damage.
The yak gores you!
The searing ray hits the yak.
The yak is moderately wounded.
The wall freezes the yak but does no damage.
The yak closely misses you.
The searing ray hits the yak.
The yak is heavily wounded.
You finish channelling your searing ray.
The wall freezes the yak.
The yak gores you but does no damage.
The wall freezes the yak.
The yak closely misses you.
The wall freezes the yak.
The yak gores you!
The yak bellows!
You hit the yak but do no damage.
The yak is severely wounded.
The wall freezes the yak.
The wall freezes the yak but does no damage.
Your frozen ramparts will break if you move.
Continue?
The yak attacks as you move away! The yak gores you!
The frozen ramparts melt away as you move.
As you read the scroll of teleportation, it crumbles to dust.
You feel strangely unstable.
Unknown command.
Unknown command.
The yak attacks as you move away! The yak gores you!
* * * LOW HITPOINT WARNING * * *
The yak attacks as you move away! The yak gores you.
* * * LOW HITPOINT WARNING * * *
Unknown command.
The yak attacks as you move away! The yak gores you!
You die...

..###....## ####
#........#..≈..
...###....###..##
##.....#.#.≈§≈§ ...#
###...#....# ###..##.#.≈§§.
...##
##.......####...###.#.≈≈≈.
....# ##.......##Y.#..##.#..≈..
...## #....####..###..#.##..§#
...########)...#YY.##
##....#####
...........)....Y### ##........
...........).##.@#####
#########
..#######..).........###### #
.## #............##......### ##
#......................# #
##..............####....#
#####.....<.........# #....#
.....>.............[####....#
.#.#.#...........####.#.###.###
..#..#........##.# #.#.## #...#


You could see 4 yaks.

Vanquished Creatures
  Amaemon (D:8)
  An orange demon (D:8)
  A yak (D:8)
  2 steam dragons
  Menkaure (D:7)
  3 water moccasins
  Duvessa (D:5)
  3 orc warriors
  2 ice beasts
  2 black bears
  2 ogres
  A centaur (D:7)
  3 phantoms
  2 kobold brigands
  A wyvern zombie (D:6)
  A gnoll sergeant (D:3)
  2 scorpions
  3 water moccasin zombies (D:6)
  15 wights
  Dowan (D:5)
  4 howler monkeys
  An electric eel (D:8)
  A crimson imp (D:8)
  2 bullfrog zombies (D:6)
  A centaur zombie (D:6)
  A bullfrog skeleton (D:6)
  5 hounds
  A jelly (D:7)
  5 orc priests
  Jessica (D:3)
  5 iguanas
  9 orc wizards
  A howler monkey zombie (D:6)
  3 gnolls (D:4)
  6 adders
  3 shadow imps
  2 white imps
  An ufetubus (D:5)
  A worm (D:2)
  28 orcs
  4 ball pythons
  2 bats (D:3)
  An endoplasm (D:1)
  3 giant cockroaches
  5 goblins
  6 hobgoblins
  3 jackals (D:4)
  2 frilled lizards (D:1)
  18 kobolds
  6 rats
179 creatures vanquished.

Vanquished Creatures (collateral kills)
  A centaur (D:8)
  A wight (D:8)
2 creatures vanquished.

Vanquished Creatures (others)
  A hornet (D:8)
  46 fulminant prisms
47 creatures vanquished.

Grand Total: 228 creatures vanquished

Notes
Turn   | Place    | Note
-------+----------+-------------------------------------------
     0 | D:1      | TittyCrusher the Octopode Conjurer began the quest for the
                  | Orb.
     0 | D:1      | Reached XP level 1. HP: 11/11 MP: 3/3
   440 | D:1      | Reached XP level 2. HP: 17/17 MP: 3/5
   465 | D:1      | Learned a level 2 spell: Searing Ray
   982 | D:2      | Reached XP level 3. HP: 21/21 MP: 3/7
  1225 | D:2      | Learned a level 2 spell: Blink
  1624 | D:3      | Found a glowing golden altar of the Shining One.
  1644 | D:3      | Found a shadowy altar of Dithmenos.
  1660 | D:3      | Noticed Jessica
  1663 | D:3      | Killed Jessica
  1664 | D:3      | Reached XP level 4. HP: 27/27 MP: 7/10
  1669 | D:3      | Learned a level 4 spell: Fulminant Prism
  1795 | D:3      | Found a faded altar of an unknown god.
  1889 | D:3      | Noticed a gnoll sergeant
  2091 | D:4      | Found a burning altar of Makhleb.
  2440 | D:4      | Noticed an ogre
  2441 | D:4      | Found a hazy altar of Hepliaklqana.
  2618 | D:4      | Killed an ogre
  2619 | D:4      | Reached XP level 5. HP: 31/31 MP: 7/11
  2848 | D:4      | Found a broken altar of Ashenzari.
  2895 | D:4      | Reached XP level 6. HP: 36/36 MP: 6/12
  3238 | D:4      | Reached skill level 5 in Hexes
  3374 | D:4      | Reached XP level 7. HP: 40/41 MP: 13/13
  3450 | D:4      | Found a white marble altar of Elyvilon.
  3577 | D:5      | Entered Level 5 of the Dungeon
  3588 | D:5      | Noticed Duvessa
  3596 | D:5      | Reached skill level 5 in Conjurations
  3759 | D:5      | Noticed Dowan
  3774 | D:5      | Killed Duvessa
  3775 | D:5      | Reached skill level 6 in Conjurations
  3781 | D:5      | Killed Dowan
  3907 | D:5      | Reached XP level 8. HP: 46/46 MP: 10/14
  3980 | D:4      | Reached skill level 7 in Conjurations
  4721 | D:6      | Found a staircase to the Ecumenical Temple.
  4727 | Temple   | Entered the Ecumenical Temple
  4791 | Temple   | Became a worshipper of Vehumet
  4893 | D:6      | Found a runed translucent gate.
  4893 | D:6      | Found a runed translucent gate.
  4893 | D:6      | Found a runed translucent gate.
  4948 | D:6      | Found Xaimp's Weapon Shoppe.
  5008 | D:6      | Reached skill level 8 in Conjurations
  5107 | D:6      | Identified the +2 chain mail of the Minstrel {-Cast rN++
                  | Dex+3 Slay+5}
  5115 | D:6      | Reached XP level 9. HP: 51/51 MP: 9/15
  5531 | D:6      | Noticed deremet's ghost (novice MfIE)
  5670 | D:6      | Reached * piety under Vehumet
  5670 | D:6      | Offered knowledge of Shock by Vehumet.
  5687 | D:6      | Reached skill level 9 in Conjurations
  5693 | D:6      | Learned a level 4 spell: Iskenderun's Mystic Blast
  6015 | D:6      | Reached skill level 1 in Translocations
  6858 | D:7      | Reached skill level 5 in Translocations
  7118 | D:7      | Reached ** piety under Vehumet
  7118 | D:7      | Offered knowledge of Sandblast by Vehumet.
  7172 | D:7      | Reached XP level 10. HP: 55/56 MP: 4/16
  7259 | D:7      | Noticed Menkaure
  7263 | D:7      | Killed Menkaure
  7527 | D:7      | Reached skill level 10 in Conjurations
  7824 | D:8      | Learned a level 1 spell: Sandblast
  7996 | D:8      | Found a bloodstained altar of Trog.
  8014 | D:8      | Found a shimmering altar of Xom.
  8014 | D:8      | Found a shimmering altar of Xom.
  8016 | D:8      | Found a shimmering altar of Xom.
  8016 | D:8      | Found a shimmering altar of Xom.
  8016 | D:8      | Found a radiant altar of Vehumet.
  8043 | D:8      | Noticed Amaemon
  8130 | D:8      | Noticed an orange demon
  8139 | D:8      | Killed Amaemon
  8331 | D:7      | Offered knowledge of Frozen Ramparts by Vehumet.
  8354 | D:7      | Learned a level 3 spell: Frozen Ramparts
  8601 | D:8      | Killed an orange demon
  9208 | D:8      | Slain by a yak

Illustrated notes

Levels and vault maps discovered:
D:1:      elethiomel_arrival_quiet, layout_loops_ring
D:2:      layout_basic
D:3:      layout_basic, mainiacjoe_overflow_tiny_flanked,
          nicolae_dithmenos_the_darkroom, shapermc_ecumenical_altar_mp_vishouse,
          minmay_cupped, uniq_jessica
D:4:      layout_basic, lemuel_round_altar, mainiacjoe_overflow_surrounded_room,
          nicolae_elyvilon_temple_path, mainiacjoe_overflow_alcove_2,
          lightli_corner_chamber
D:5:      layout_gridville, uniq_duvessa
D:6:      layout_layer_cave, minmay_temple_entry_statues_fountains,
          biasface_ghost_orc_armoury, serial_shops, nicolae_shop_hallway_plus,
          serial_undead, serial_undead_b, serial_undead_c, serial_undead_a,
          serial_undead_b, serial_undead_b, serial_undead_b, minivault_24
D:7:      layout_cave_pods, serial_demonic, serial_demonic_f, serial_demonic_e,
          serial_demonic_c, serial_demonic_g, uniq_menkaure
D:8:      layout_cave_pods, doesnt_xom_only_xom, minivault_24,
          nicolae_water_bricks, hangedman_decor_riveting,
          minmay_fire_ice_demons, uniq_amaemon
Temple:   nicolae_temple_bog_church

Skill      XL: |  1  2  3  4  5  6  7  8  9 10 |
---------------+-------------------------------+-----
Spellcasting   | 3 4 |  4.2
Hexes          | 2 3 5 7 9 |  9.5
Conjurations   | 6 8 9 10 | 10.2
Translocations | 6 |  6.0
Ice Magic      | 3 |  3.5
Dodging        | |  2.0
Stealth        | |  2.6
Earth Magic    | |  0.5

Action                     |  1- 3 |  4- 6 |  7- 9 | 10-12 || total
---------------------------+-------+-------+-------+-------++-------
  Melee: Dagger            |    13 |    24 |    89 |    36 ||   162
         Constrict         |     4 |    13 |    22 |     6 ||    45
         Short sword       |       |    19 |       |       ||    19
         Tentacles         |       |    10 |    30 |     5 ||    45
         Punch             |       |     1 |     1 |       ||     2
  Throw: Dart              |       |       |     2 |     2 ||     4
   Cast: Magic Dart        |    53 |    37 |    98 |    24 ||   212
         Searing Ray       |     1 |     8 |    28 |     5 ||    42
         Fulminant Prism   |       |       |    15 |    31 ||    46
         Frozen Ramparts   |       |       |       |     3 ||     3
  Evoke: Wand              |       |       |       |     2 ||     2
    Use: Scroll            |       |     5 |     8 |     5 ||    18
         Potion            |       |     3 |     1 |       ||     4
   Stab: Invisible         |       |       |     1 |       ||     1
 Armour: Skin              |       |     3 |     2 |     3 ||     8
  Dodge: Dodged            |     6 |    21 |    55 |    33 ||   115

Table legend: (Time is in decaauts)
 A = Elapsed time spent in this place.
 B = Non-inter-level travel time spent in this place.
 C = Inter-level travel time spent in this place.
 D = Time resting spent in this place.
 E = Time spent auto-exploring this place.
 F = Levels seen in this place.
 G = Mean time per level.
                   A        B        C        D        E       F      G
               +--------+--------+--------+--------+--------+-----+--------+
         Total |   9220 |   8598 |    622 |   1281 |   4148 |   9 | 1024.4 |
       Dungeon |   9139 |   8532 |    607 |   1281 |   4098 |   8 | 1142.4 |
        Temple |     80 |     65 |     15 |      0 |     50 |   1 |   80.0 |
               +--------+--------+--------+--------+--------+-----+--------+

Top non-repeatable levels by time:
     D:6: 1815 daAuts
     D:4: 1590 daAuts
     D:7: 1248 daAuts
     D:8: 1238 daAuts
     D:3: 1012 daAuts
     D:1: 823 daAuts
     D:5: 799 daAuts
     D:2: 611 daAuts
  Temple: 80 daAuts
